 Dungeon Crawl Stone Soup version 0.23-a0-182-g58cdd98 (webtiles) character file.

20166 iamserjio the Grappler (level 12, 0/104 HPs)
             Began as a Yellow Draconian Wanderer on Sept 20, 2018.
             Was the Champion of Cheibriados.
             Slain by a two-headed ogre
             ... wielding a +0 giant club
              (15 damage)
             ... on level 13 of the Dungeon.
             The game lasted 00:41:34 (18311 turns).

iamserjio the Grappler (Yellow Draconian Wanderer) Turns: 18311, Time: 00:41:35

Health: 0/104      AC: 13    Str: 32    XL:     12   Next: 43%
Magic:  0/20       EV: 26    Int: 29    God:    Cheibriados [******]
Gold:   1202       SH:  9    Dex: 27    Spells: 15/22 levels left

rFire    . . .     SeeInvis .     - Unarmed
rCold    . . .     Gourm    .   o - +2 buckler {AC+3}
rNeg     . . .     Faith    .   (armour unavailable)
rPois    .         Spirit   +   (helmet restricted)
rElec    .         Reflect  .   G - +0 cloak
rCorr    +         Harm     .   B - +0 pair of gloves
MR       .....                  (no boots)
Stlth    +++.......             y - amulet of guardian spirit
HPRegen  0.27/turn              x - +2 ring of slaying
MPRegen  0.17/turn              u - +3 ring of evasion

@: short of breath, studying Earth Magic, very slow
A: spit acid, acid resistance, unfitting armour, cold-blooded, AC +8
a: Breathe Acid, Bend Time, Temporal Distortion, Slouch, Step From Time,
Renounce Religion


You were on level 13 of the Dungeon.
You worshipped Cheibriados.
Cheibriados was exalted by your worship.
You were hungry.

You visited 2 branches of the dungeon, and saw 14 of its levels.
You also visited: Ossuary.

You collected 1202 gold pieces.

Inventory:

Hand Weapons
 f - a +0 blowgun
Missiles
 d - 429 arrows
Armour
 o - a +2 buckler of protection (worn)
 B - a +0 pair of gloves (worn)
 G - a +0 cloak (worn)
Jewellery
 u - a +3 ring of evasion (right hand)
 x - a +2 ring of slaying (left hand)
 y - an amulet of guardian spirit (around neck)
 F - a +4 ring of dexterity
Wands
 C - a wand of paralysis (8)
 I - a wand of flame (127)
 N - a wand of acid (15)
 P - a wand of polymorph (7)
Scrolls
 a - a scroll of summoning {unknown}
 b - 3 scrolls of blinking
 h - 4 scrolls of teleportation
 j - 2 scrolls of enchant weapon {unknown}
 l - 6 scrolls of remove curse {@r2}
 m - 5 scrolls of amnesia
 r - 3 scrolls of fog {unknown}
 t - a scroll of torment {unknown}
 w - 3 scrolls of immolation {unknown}
 E - 2 scrolls of magic mapping
 K - a scroll of fear {unknown}
 L - 3 scrolls of enchant armour {unknown}
 Q - a scroll of noise {unknown}
Potions
 i - a potion of berserk rage {unknown}
 k - 4 potions of agility
 n - 3 potions of brilliance
 q - 6 potions of curing {@q1}
 v - a potion of heal wounds
 z - 4 potions of flight
 A - a potion of might
 D - 5 potions of degeneration {unknown}
 O - a potion of cancellation {unknown}
 R - a potion of mutation {unknown}
Books
 c - a manual of Earth Magic
Comestibles
 g - 29 rations


   Skills:
 + Level 9.2 Fighting
   Level 2.6 Crossbows
 - Level 1.0 Throwing
 + Level 10.2 Dodging
 - Level 1.7 Stealth
 - Level 4.1 Shields
 - Level 11.0 Unarmed Combat
 + Level 5.6 Spellcasting
 - Level 1.0 Hexes
 - Level 1.0 Necromancy
 - Level 2.0 Translocations
 - Level 3.1 Air Magic
 - Level 1.0 Poison Magic
 - Level 7.0 Invocations
 - Level 2.1 Evocations


You had 15 spell levels left.
You knew the following spells:

 Your Spells              Type           Power        Failure   Level  Hunger
a - Blink                 Tloc           N/A          3%          2    None
b - Mephitic Cloud        Conj/Pois/Air  ###.....     10%         3    None
c - Animate Skeleton      Necr           N/A          3%          1    None
d - Confusing Touch       Hex            ##....       4%          1    None

Your spell library contained the following spells:

 Spells                   Type           Power        Failure   Level  Hunger
 Apportation              Tloc           ###...       2%          1    None
 Shock                    Conj/Air       ###.         3%          1    None
 Corona                   Hex            ##.....      4%          1    None
 Beastly Appendage        Tmut           #.....       6%          1    None
 Magic Dart               Conj           #...         6%          1    None
 Summon Small Mammal      Summ           #...         6%          1    None
 Slow                     Hex            ##......     6%          2    None
 Call Imp                 Summ           #.......     9%          2    None
 Portal Projectile        Hex/Tloc       ###...       10%         3    None
 Static Discharge         Conj/Air       ###.....     10%         3    None
 Inner Flame              Hex/Fire       ##......     14%         3    None
 Conjure Flame            Conj/Fire      #.......     19%         3    None
 Cause Fear               Hex            ##........   36%         4    ###....
 Leda's Liquefaction      Hex/Erth       ##........   43%         4    ###....
 Lightning Bolt           Conj/Air       ###.......   65%         5    #####..
 Yara's Violent Unravell  Hex/Tmut       ##........   80%         5    #####..
 Conjure Ball Lightning   Conj/Air       ###.......   99%         6    ######.
 Freezing Cloud           Conj/Ice/Air   ##........   99%         6    ######.
 Ignition                 Fire           #.........   100%        8    #######
 Shatter                  Erth           #.........   100%        9    #######
 Tornado                  Air            ####......   100%        9    #######


Dungeon Overview and Level Annotations

Branches:
Dungeon (13/15)            Temple (1/1) D:6            Lair (0/6) D:10
    Orc (0/2) D:9
 Vaults: D:13-14

Altars:
Ashenzari
Cheibriados
Dithmenos
Fedhas
Gozag
Hepliaklqana
Kikubaaqudgha
Nemelex Xobeh
Okawaru
Ru
Sif Muna
Trog
Wu Jian
Xom
Yredelemnul
The Shining One

Shops:
D:5 %   D:9 ([

Annotations:
D:13 exclusion: tengu warrior


Innate Abilities, Weirdness & Mutations

You can spit globs of acid.
You are resistant to acid.
Your golden yellow scales are hard. (AC +8)
You cannot fit into any form of body armour.
You are cold-blooded and may be slowed by cold attacks.


Message History

The glob of acid hits the two-headed ogre.
The two-headed ogre is splashed with acid.
The acid corrodes the two-headed ogre!
The two-headed ogre is splashed with acid.
You feel somewhat more hungry.
The two-headed ogre hits you with a giant club!!
* * * LOW HITPOINT WARNING * * *
The two-headed ogre barely misses you.
The two-headed ogre hits you with a giant club!
* * * LOW HITPOINT WARNING * * *
The two-headed ogre closely misses you.
You don't have enough magic at the moment.
You feel much better.
The two-headed ogre is no longer moving quickly.
The two-headed ogre barely misses you. You block the two-headed ogre's attack.
You hit the two-headed ogre.
The two-headed ogre hits you with a giant club!!
* * * LOW HITPOINT WARNING * * *
The two-headed ogre hits you with a dire flail!
You die...

# .##.## #.#.#.#
##. #.# #.....# ##
#.# ###.### . #.# #
#Z# # ####### #Z#
#. #....?########.#
#. ##O#).#..ZZ....#
#..#.#@#.#.########
##.#..#e##).#Z#
...e...O(.#.#Z#
#.#..#.#####.#
..............#
...ey.(.......#
##.#..#.#######
......... #.#..#.#


You could see a two-headed ogre.

Vanquished Creatures
  A hydra (D:12)
  A centaur warrior (D:13)
  An unseen horror (D:11)
  Pikel (D:5)
  3 deep elf magi (D:13)
  2 ugly things (D:12)
  Maurice (D:9)
  A centaur skeleton (D:12)
  A gargoyle (D:11)
  A kobold demonologist (D:12)
  4 yaktaurs (D:13)
  A komodo dragon (D:12)
  A tengu conjurer (D:10)
  A queen bee (D:10)
  3 trolls
  Grinder (D:4)
  A hornet (shapeshifter) (D:12)
  A hornet (D:12)
  4 slime creatures (D:12)
  Prince Ribbit (D:5)
  5 hippogriffs
  A water elemental (D:12)
  Sigmund (D:4)
  A shadow (D:11)
  6 yaks
  A steam dragon (D:9)
  2 vampire mosquitoes
  A hungry ghost (D:11)
  A soldier ant (D:13)
  Duvessa (D:7)
  2 water moccasins
  2 porcupines (D:10)
  5 orc warriors
  2 phantoms
  3 ice beasts
  6 sky beasts
  A slave (D:5)
  An eye of draining (D:12)
  11 centaurs
  7 ogres
  3 big kobolds
  Blork the orc (D:4)
  6 bullfrogs
  A water moccasin zombie (D:7)
  Dowan (D:7)
  4 scorpions
  26 killer bees
  8 wights
  4 howler monkeys
  An electric eel (D:12)
  3 crimson imps
  A centaur zombie (D:10)
  A quasit (D:11)
  A bullfrog zombie (D:10)
  6 orc priests
  Crazy Yiuf (D:5)
  6 hounds
  2 bullfrog skeletons
  7 orc wizards
  3 iguanas
  7 worker ants
  A big kobold zombie (Ossuary)
  A hound skeleton (D:5)
  8 mummies (Ossuary)
  Robin (D:2)
  15 adders
  A shadow imp (D:6)
  An ooze (D:1)
  An adder skeleton (D:4)
  2 worms (D:2)
  3 dart slugs
  3 leopard geckos
  37 orcs
  9 bats
  7 giant cockroaches
  9 goblins
  8 hobgoblins
  6 quokkas
  A ball python (D:4)
  4 frilled lizards
  4 hobgoblin zombies (Ossuary)
  22 kobolds
  2 kobold zombies (Ossuary)
  An orc zombie (Ossuary)
  4 rats
335 creatures vanquished.

Vanquished Creatures (collateral kills)
  2 yaks
  A centaur (D:10)
  A big kobold (D:11)
  A wight (D:10)
  A crimson imp (D:13)
  A hound (D:12)
  2 orcs
  2 kobolds (D:11)
11 creatures vanquished.

Vanquished Creatures (others)
  An orc wizard (D:5)
  3 orcs (D:5)
  4 fungi (D:10)
8 creatures vanquished.

Grand Total: 354 creatures vanquished

Notes
Turn   | Place    | Note
-------+----------+-------------------------------------------
     0 | D:1      | iamserjio the Draconian Wanderer began the quest for the
                  | Orb.
     0 | D:1      | iamserjio set off with: a +2 dagger, a scroll of blinking,
                  | a +0 shortbow, 25 arrows, 11 poisoned needles, a +0
                  | blowgun, a ration
     0 | D:1      | Reached XP level 1. HP: 17/17 MP: 1/1
    82 | D:1      | Reached skill level 2 in Unarmed Combat
   266 | D:1      | Reached XP level 2. HP: 15/24 MP: 2/2
  1405 | D:2      | Reached skill level 3 in Unarmed Combat
  1405 | D:2      | Reached XP level 3. HP: 16/29 MP: 3/3
  1732 | D:2      | Reached skill level 4 in Unarmed Combat
  1732 | D:2      | Reached XP level 4. HP: 25/36 MP: 4/4
  2199 | D:2      | Found a shadowy altar of Dithmenos.
  2282 | D:2      | Noticed Robin
  2342 | D:2      | Killed Robin
  3340 | D:2      | Reached skill level 5 in Unarmed Combat
  3340 | D:2      | Reached XP level 5. HP: 18/41 MP: 5/5
  4311 | D:3      | Reached skill level 6 in Unarmed Combat
  4450 | D:4      | Reached XP level 6. HP: 43/48 MP: 6/6
  4499 | D:4      | Noticed Sigmund
  4539 | D:4      | Found an iron altar of Okawaru.
  4581 | D:4      | Found a sand-covered staircase.
  4586 | Ossuary  | Entered an ossuary
  4764 | Ossuary  | HP: 2/48 [mummy (16)]
  5494 | D:4      | Noticed Blork the orc
  5508 | D:4      | Killed Blork the orc
  5508 | D:4      | Reached skill level 7 in Unarmed Combat
  6236 | D:4      | Your scales start taking on a golden yellow colour.
  6236 | D:4      | Reached XP level 7. HP: 20/55 MP: 7/7
  6447 | D:4      | Noticed Grinder
  6495 | D:4      | Paralysed by Grinder for 5 turns
  6503 | D:4      | Killed Grinder
  6503 | D:4      | Reached skill level 8 in Unarmed Combat
  6853 | D:4      | Killed Sigmund
  6853 | D:4      | Reached skill level 9 in Unarmed Combat
  6938 | D:5      | Entered Level 5 of the Dungeon
  7026 | D:5      | Reached XP level 8. HP: 50/61 MP: 6/8
  7215 | D:5      | Reached skill level 1 in Shields
  7238 | D:5      | Found Fonk's Food Shop.
  7454 | D:5      | Noticed Pikel
  7454 | D:5      | Found a blossoming altar of Fedhas.
  7473 | D:5      | Killed Pikel
  7473 | D:5      | Reached skill level 10 in Unarmed Combat
  7481 | D:5      | Found a bloodstained altar of Trog.
  7490 | D:5      | Found an ornate altar of the Wu Jian Council.
  7490 | D:5      | Noticed Prince Ribbit
  7805 | D:5      | Killed Prince Ribbit
  7805 | D:5      | Reached XP level 9. HP: 67/72 MP: 9/9
  7984 | D:5      | Found a runed door.
  8249 | D:5      | Learned a level 2 spell: Blink
  8253 | D:5      | Learned a level 3 spell: Mephitic Cloud
  8325 | D:6      | Reached skill level 5 in Fighting
  8469 | D:6      | Found a staircase to the Ecumenical Temple.
  8483 | Temple   | Entered the Ecumenical Temple
  8599 | Temple   | Became a worshipper of Cheibriados the Contemplative
  8700 | D:5      | Noticed Crazy Yiuf
  8707 | D:5      | Killed Crazy Yiuf
  8707 | D:5      | Reached skill level 1 in Spellcasting
  9403 | D:7      | Noticed Dowan
  9431 | D:7      | Killed Dowan
  9435 | D:7      | Noticed Duvessa
  9448 | D:7      | Killed Duvessa
  9564 | D:7      | Reached skill level 1 in Translocations
  9586 | D:7      | Reached skill level 1 in Air Magic
  9586 | D:7      | Reached skill level 1 in Poison Magic
  9743 | D:7      | Reached * piety under Cheibriados
 10251 | D:8      | Found a hazy altar of Hepliaklqana.
 10325 | D:8      | Learned a level 1 spell: Animate Skeleton
 10327 | D:8      | Learned a level 1 spell: Confusing Touch
 10960 | D:8      | Found a glowing golden altar of the Shining One.
 11038 | D:9      | Reached skill level 1 in Evocations
 11039 | D:9      | Reached skill level 1 in Necromancy
 11039 | D:9      | Reached XP level 10. HP: 61/84 MP: 9/15
 11343 | D:9      | Found a staircase to the Orcish Mines.
 11344 | D:9      | Found Uhey's Armour Shoppe.
 11345 | D:9      | Found Xolit's Weapon Shoppe.
 11350 | D:9      | Reached ** piety under Cheibriados
 11728 | D:9      | Reached skill level 11 in Unarmed Combat
 11755 | D:9      | Noticed Maurice
 11767 | D:9      | Killed Maurice
 12070 | D:10     | Entered Level 10 of the Dungeon
 13307 | D:10     | Reached *** piety under Cheibriados
 13466 | D:10     | Found a staircase to the Lair.
 13666 | D:10     | Reached skill level 5 in Dodging
 13881 | D:10     | Reached **** piety under Cheibriados
 13883 | D:10     | Reached XP level 11. HP: 78/94 MP: 14/17
 14625 | D:11     | Killed an unseen horror
 14625 | D:11     | Reached ***** piety under Cheibriados
 15567 | D:12     | Noticed a red ugly thing
 15587 | D:12     | Killed a red ugly thing
 15587 | D:12     | Reached skill level 1 in Invocations
 15602 | D:12     | Reached skill level 1 in Hexes
 15784 | D:12     | Noticed a green ugly thing
 16065 | D:12     | Killed a green ugly thing
 16077 | D:12     | Reached skill level 5 in Invocations
 16615 | D:12     | Noticed a four-headed hydra
 16620 | D:12     | Killed a four-headed hydra
 16899 | D:12     | Identified Ibror's Handbook of Shifting Feathers
 16967 | D:12     | Reached XP level 12. HP: 80/101 MP: 15/18
 17641 | D:13     | Noticed a tengu warrior
 17949 | D:13     | Reached ****** piety under Cheibriados
 18004 | D:13     | Noticed a centaur warrior
 18014 | D:13     | Killed a centaur warrior
 18256 | D:13     | Reached skill level 5 in Spellcasting
 18269 | D:13     | Reached skill level 10 in Dodging
 18307 | D:13     | Noticed a two-headed ogre
 18311 | D:13     | Slain by a two-headed ogre

Vault maps used:
D:1:      lightli_arrival_quake, serial_curves, eino_curves_01, eino_curves_03
D:2:      kb_forest_paths, nicolae_dithmenos_through_a_glass_darkly, uniq_robin
D:3:      first_ration, kennysheep_generic_room_8
D:4:      enter_ossuary_5, okawaru_trees_2, uniq_blork_the_orc, uniq_sigmund,
          uniq_grinder
D:5:      grunt_temple_overflow_open, serial_shops, shop, uniq_pikel,
          uniq_prince_ribbit1, uniq_crazy_yiuf_cottage
D:6:      minmay_temple_entry_steel_oval
D:7:      uniq_duvessa
D:8:      tso_altar, lemuel_round_altar, minmay_misc_feat_tiny
D:9:      orc_david_3, uniq_maurice
D:10:     grunt_lair_entry_orc_guard_hut, special_room, grunt_tengu_nest
D:12:     minmay_wavy_crystal, spider_trap
D:13:     hangedman_vaults_entry_quadrant_bands
Temple:   regret_index_temple_sphere_string
Ossuary:  ossuary_tomb_3

Skill      XL: |  1  2  3  4  5  6  7  8  9 10 11 12 |
---------------+-------------------------------------+-----
Unarmed Combat | 2 3 4 5 6 7 9 10 11 | 11.0
Shields        | 4 |  4.1
Fighting       | 4 6 8 9 |  9.2
Spellcasting   | 3 4 5 |  5.6
Translocations | 2 |  2.0
Air Magic      | 1 3 |  3.1
Poison Magic   | 1 |  1.0
Dodging        | 2 6 9 10 | 10.2
Evocations     | 1 2 |  2.1
Necromancy     | 1 |  1.0
Invocations    | 6 7 |  7.0
Hexes          | 1 |  1.0
Crossbows      | |  2.6
Throwing       | |  1.0
Stealth        | |  1.7

Action                   |  1- 3 |  4- 6 |  7- 9 | 10-12 || total
-------------------------+-------+-------+-------+-------++-------
Melee: Dagger            |    78 |   170 |       |       ||   248
       Tailslap          |     8 |    35 |    42 |   158 ||   243
       Punch             |     1 |     5 |     1 |       ||     7
       Unarmed           |       |   103 |   298 |   608 ||  1009
Throw: Stone             |       |       |     2 |       ||     2
 Cast: Animate Skeleton  |       |       |       |    17 ||    17
Invok: Slouch            |       |       |       |     1 ||     1
 Abil: Breathe Acid      |       |       |    17 |    24 ||    41
Evoke: Wand              |       |       |     9 |    35 ||    44
  Use: Potion            |     1 |     6 |     1 |     4 ||    12
       Scroll            |       |       |    10 |     7 ||    17
 Stab: Sleeping          |     1 |     3 |     5 |     8 ||    17
       Distracted        |       |     1 |       |     3 ||     4
       Paralysed         |       |       |     9 |    21 ||    30
  Eat: Chunk             |     2 |    10 |    11 |    16 ||    39
       Ration            |       |     1 |     2 |       ||     3
Armor: Skin              |    17 |    84 |    60 |   101 ||   262
Dodge: Dodged            |    38 |   150 |   123 |   460 ||   771
Block: Buckler           |       |       |    30 |   199 ||   229

Table legend:
 A = Non-vault XP
 B = Vault XP
 C = Vault XP percentage of total XP
 D = Non-vault monster count
 E = Vault monster count
 F = Vault count percentage of total count
                 A         B        C        D         E       F
            +---------+---------+-------+---------+---------+-------
      Total |   18480 |   10329 |  35.9 |     255 |      91 |  26.3
            +---------+---------+-------+---------+---------+-------
        D:1 |      23 |       0 |   0.0 |       9 |       0 |   0.0
        D:2 |     124 |     104 |  45.6 |      20 |      15 |  42.9
        D:3 |     108 |       4 |   3.6 |      22 |       2 |   8.3
        D:4 |     151 |     588 |  79.6 |       7 |       3 |  30.0
        D:5 |     740 |     991 |  57.3 |      18 |       3 |  14.3
        D:6 |     760 |       0 |   0.0 |      13 |       0 |   0.0
        D:7 |     652 |     223 |  25.5 |      13 |       2 |  13.3
        D:8 |     713 |       0 |   0.0 |      16 |       0 |   0.0
        D:9 |    1813 |     493 |  21.4 |      11 |       9 |  45.0
       D:10 |    1915 |    2638 |  57.9 |      30 |      29 |  49.2
       D:11 |    2589 |       0 |   0.0 |      29 |       0 |   0.0
       D:12 |    5704 |    1636 |  22.3 |      38 |       3 |   7.3
       D:13 |    3188 |    3470 |  52.1 |      29 |       9 |  23.7
    Ossuary |       0 |     182 | 100.0 |       0 |      16 | 100.0
            +---------+---------+-------+---------+---------+-------
